 Dungeon Crawl Stone Soup version 0.26.0-18-gc5c842f807 (webtiles) character file.

Game seed: 11886743231313844595

305 thiole the Sneak (level 6, 0/36 HPs)
             Began as an Octopode Hedge Wizard on Jan 22, 2021.
             Succumbed to a scorpion's poison
             ... on level 4 of the Dungeon.
             The game lasted 00:05:04 (5196 turns).

thiole the Sneak (Octopode Hedge Wizard)            Turns: 5196, Time: 00:05:05

Health: 0/36       AC:  2    Str:  9    XL:     6   Next: 39%
Magic:  8/12       EV: 13    Int: 19    God:
Gold:   185        SH:  0    Dex: 11    Spells: 7/13 levels left

rFire    . . .     SeeInvis .   a - +0 dagger
rCold    . . .     Faith    .   (no shield)
rNeg     . . .     Spirit   .   b - +1 hat
rPois    .         Reflect  .   (no amulet)
rElec    .         Harm     .   (no ring)
rCorr    .         Rampage  .   (no ring)
Will     .....                  (no ring)
Stlth    ++++......             (no ring)
HPRegen  0.12/turn              (no ring)
MPRegen  0.13/turn              (no ring)
                                (no ring)
                                (no ring)

@: lethally poisoned (0 -> -13)
A: almost no armour, stealthy swim, amphibious, 8 rings, constrict 8, camouflage
1, gelatinous body 1
a: no special abilities


You were on level 4 of the Dungeon.
You visited 1 branch of the dungeon, and saw 4 of its levels.

You collected 185 gold pieces.

Inventory:

Hand Weapons
 a - a +0 dagger (weapon)
 f - a +2 vampiric spear
Armour
 b - a +1 hat (worn)
Scrolls
 d - 2 scrolls of remove curse
 k - 2 scrolls of random uselessness
 n - 3 scrolls of fog
 o - a scroll of magic mapping {unknown}
Potions
 e - a potion of brilliance
 g - a potion of berserk rage
 l - a potion of magic
 m - a potion of might


   Skills:
 - Level 2.0 Dodging
 + Level 5.9 Stealth
 + Level 4.4 Spellcasting
 - Level 2.0 Conjurations
 - Level 2.0 Summonings
 - Level 1.0 Translocations
 * Level 1.9 Air Magic


You had 7 spell levels left.
You knew the following spells:

 Your Spells              Type           Power        Failure   Level
a - Magic Dart            Conj           44%          6%          1
b - Call Imp              Summ           11%          9%          2
c - Mephitic Cloud        Conj/Pois/Air  9%           22%         3

Your spell library contained the following spells:

 Spells                   Type           Power        Failure   Level
 Blink                    Tloc           N/A          13%         2
 Slow                     Hex            4%           21%         2
 Conjure Flame            Conj/Fire      8%           26%         3


Dungeon Overview and Level Annotations

Branches:
Dungeon (4/15)
 Temple: D:4-7

Altars:


Innate Abilities, Weirdness & Mutations

You cannot wear most types of armour.
You are very stealthy in the water. (Stealth+)
You are amphibious.
You can wear up to eight rings at the same time.
You can use your tentacles to constrict eight enemies at once.
Your skin changes colour to match your surroundings (Stealth+).
Your rubbery body absorbs attacks. (AC +1, EV +1)


Message History

You feel sick.
You feel sick.
* * * LOW HITPOINT WARNING * * *
You feel sick.
* * * LOW HITPOINT WARNING * * *
You feel sick.
* * * LOW HITPOINT WARNING * * *
You feel sick.
* * * LOW HITPOINT WARNING * * *
You feel sick.
* * * LOW HITPOINT WARNING * * *
You feel sick.
* * * LOW HITPOINT WARNING * * *
You feel sick.
* * * LOW HITPOINT WARNING * * *
You feel sick.
As you read the scroll labelled WEUVOS RATUEFU, it crumbles to dust.
It is a scroll of enchant armour.
Your +0 hat glows green for a moment.
You die...

.........
##.##
###.####....
.....#.
##.##
##..###.##
#..##
#......).
##..#
###......
#..# ###<...
##..# #####
##.### ##.##
#@## #.##
... ##.. ##.
##


There were no monsters in sight!

Vanquished Creatures
  A scorpion (D:4)
  2 orc wizards (D:3)
  2 iguanas (D:4)
  5 adders
  2 oozes
  3 dart slugs
  3 leopard geckos
  9 orcs (D:3)
  3 giant cockroaches
  11 goblins
  12 hobgoblins
  11 bats
  4 frilled lizards
  7 kobolds
  5 rats
80 creatures vanquished.

Notes
Turn   | Place    | Note
-------+----------+-------------------------------------------
     0 | D:1      | thiole the Octopode Hedge Wizard began the quest for the
                  | Orb.
     0 | D:1      | Reached XP level 1. HP: 11/11 MP: 4/4
    56 | D:1      | Reached XP level 2. HP: 17/17 MP: 1/6
   117 | D:1      | Reached skill level 3 in Stealth
   671 | D:1      | Reached XP level 3. HP: 21/21 MP: 4/7
   674 | D:1      | Learned a level 2 spell: Call Imp
   678 | D:1      | Learned a level 3 spell: Mephitic Cloud
  1831 | D:2      | Reached XP level 4. HP: 25/27 MP: 5/9
  2439 | D:3      | Reached skill level 4 in Stealth
  2849 | D:3      | Reached XP level 5. HP: 6/31 MP: 8/10
  3280 | D:3      | Reached skill level 5 in Stealth
  3292 | D:3      | HP: 1/31 [orc wizard/+0 dagger (3)]
  3973 | D:3      | Found a faded altar of an unknown god.
  4470 | D:4      | Reached skill level 1 in Air Magic
  4470 | D:4      | Reached XP level 6. HP: 6/36 MP: 10/12
  5195 | D:4      | HP: 1/36 [poisoned by a scorpion]
  5196 | D:4      | Succumbed to a scorpion's poison

Illustrated notes

Levels and vault maps discovered:
D:1:      co_arrival_random_square_maze, layout_basic
D:2:      layout_basic, serial_curves, eino_curves_01, eino_curves_02,
          grunt_decor_clamped
D:3:      layout_basic, chequers_ecumenical_altar_twisty, grunt_ministairs_6,
          minivault_24
D:4:      layout_layer_cave, kennysheep_vampire_church,
          minmay_temple_entry_ruins, minmay_misc_feat_secret_circle,
          uniq_menkaure, uniq_eustachio

Skill      XL: |  1  2  3  4  5 |
---------------+----------------+-----
Stealth        | 3 4 5 |  5.9
Conjurations   | 2 |  2.0
Summonings     | 2 |  2.0
Spellcasting   | 4 |  4.4
Air Magic      | 1 |  1.9
Dodging        | |  2.0
Translocations | |  1.0

Action                   |  1- 3 |  4- 6 || total
-------------------------+-------+-------++-------
Melee: Dagger            |    50 |    94 ||   144
       Constrict         |    15 |    25 ||    40
       Tentacles         |     8 |    17 ||    25
 Cast: Magic Dart        |    61 |    91 ||   152
  Use: Scroll            |     2 |     7 ||     9
       Potion            |       |     4 ||     4
Armor: Skin              |     3 |     4 ||     7
Dodge: Dodged            |    20 |    43 ||    63
